 Dungeon Crawl Stone Soup version 0.30.0-19-g36f170ea60 (webtiles) character file.

Game seed: 3472515122623194291

2219 Heoruswealwe the Thaumaturge (level 9, -6/45 HPs)
             Began as a Deep Elf Earth Elementalist on May 26, 2023.
             Mangled by a troll (15 damage)
             ... on level 8 of the Dungeon on May 29, 2023.
             The game lasted 00:44:31 (3644 turns).

Heoruswealwe the Thaumaturge (DEEE)                 Turns: 3644, Time: 00:44:32

Health: -6/45      AC:  4    Str:  5    XL:     9   Next: 13%
Magic:  22/26      EV: 12    Int: 25    God:
Gold:   189        SH:  0    Dex: 15    Spells: 21/31 levels left

rFire   . . .        b - +2 scimitar (freeze)
rCold   . . .        (no shield)
rNeg    + . .        s - +2 robe {rN+}
rPois   .            (no helmet)
rElec   .            (no cloak)
rCorr   .            (no gloves)
SInv    .            (no boots)
Will    .....        (no amulet)
Stlth   ++           (no ring)
HPRegen 0.27/turn    (no ring)
MPRegen 0.20/turn

%: no passive effects
@: no status effects
A: no striking features
a: no special abilities


You were on level 8 of the Dungeon.
You visited 2 branches of the dungeon, and saw 9 of its levels.

You collected 189 gold pieces.

Inventory:

Hand Weapons
 b - a +2 scimitar of freezing (weapon)
 r - a +3 war axe
Armour
 c - a +0 robe
 s - a +2 robe of positive energy (worn)
Wands
 o - a wand of flame (21)
 q - a wand of roots (5)
Scrolls
 d - 3 scrolls of enchant weapon
 e - 4 scrolls of blinking
 i - 3 scrolls of teleportation {unknown}
 m - 2 scrolls of immolation {unknown}
 n - 2 scrolls of enchant armour
 y - a scroll of fear
Potions
 a - a potion of might
 f - a potion of magic
 g - 3 potions of flight {unknown}
 h - a potion of haste {unknown}
 j - a potion of ambrosia {unknown}
 k - 2 potions of curing {unknown}
 l - 2 potions of cancellation {unknown}
 p - a potion of degeneration {unknown}
 t - a potion of mutation {unknown}
 u - a potion of invisibility {unknown}
 z - 2 potions of attraction {unknown}
 B - a potion of brilliance {unknown}


   Skills:
 - Level 2.4 Dodging
 - Level 2.4 Stealth
 + Level 11.5 Spellcasting
 - Level 1.1 Transmutations
 + Level 10.0 Earth Magic


You had 21 spell levels left.
You knew the following spells:

 Your Spells              Type           Power      Damage    Failure   Level
a - Sandblast             Erth           100%       2d20      1%          1
b - Stone Arrow           Conj/Erth      78%        3d11      1%          3
c - Petrify               Tmut/Erth      42%        N/A       4%          4
z - Passwall              Tmut/Erth      35%        N/A       1%          2

Your spell library contained the following spells:

 Spells                   Type           Power      Damage    Failure   Level
 Hailstorm                Conj/Ice       14%        3d5       13%         3
 Ozocubu's Armour         Ice            14%        N/A       13%         3
 Ice Form                 Ice/Tmut       17%        N/A       32%         4
 Simulacrum               Ice/Necr       7%         N/A       100%        6
 Ozocubu's Refrigeration  Ice            7%         4d9       100%        7


Dungeon Overview and Level Annotations

Branches:
Dungeon (8/15)             Temple (1/1) D:4
   Lair: D:8-11

Altars:
Ashenzari
Cheibriados
Dithmenos
Gozag
Hepliaklqana
Kikubaaqudgha
Makhleb
Nemelex Xobeh
Okawaru
Qazlal
Ru
Sif Muna
Trog
Wu Jian
Xom
Yredelemnul
Zin
The Shining One

Shops:
D:6 =

Annotations:
D:4 3 runed translucent doors, Rello's ghost, amateur DjFE


Message History

The orc priest casts a cantrip, but nothing happens.
The orc moves out of view.
An orc priest comes into view.
It is wielding a +0 short sword of freezing.
Found 12 gold pieces and a scroll labelled JUIMUA ONTA.
Found an ornate altar of the Wu Jian Council.
The orc priest closely misses you.
The blast of sand hits the orc priest!!
You kill the orc priest!
Your Earth Magic skill increases to level 10!
The blast of sand hits the orc priest!!
You kill the orc priest!
An orc comes into view. It is wielding a +0 club.
The orc hits you with a +0 whip.
The blast of sand hits the orc!!
You kill the orc!
The blast of sand hits the troll!
The troll is moderately wounded.
The troll bites you.
The troll barely misses you. x2; The troll bites you.
The troll barely misses you. The troll claws you!
The troll attacks as you move away! The troll closely misses you.
The troll claws you! The troll claws you but does no damage.
Casting: Sandblast (safe; 1% risk of failure)
Confirm with . or Enter, or press ? or * to list all spells.
Aiming: Sandblast (safe; 1% risk of failure)
Press: ? - help, Shift-Dir - straight line, f/p - troll
Aim: a troll (moderately wounded, 85% to hit)
The blast of sand misses the troll.
The blast of sand hits the orc!!
You kill the orc!
The troll bites you. The troll claws you!
* * * LOW HITPOINT WARNING * * *
The troll closely misses you.
Casting: Sandblast (safe; 1% risk of failure)
Confirm with . or Enter, or press ? or * to list all spells.
Aiming: Sandblast (safe; 1% risk of failure)
Press: ? - help, Shift-Dir - straight line, f/p - troll
Aim: a troll (moderately wounded, 85% to hit)
The blast of sand hits the troll!
The troll is severely wounded.
The troll bites you!
You die...

### ...## ?....# ......
### ..≈≈..# ..# ..≈≈...
#.# # .......####.# .
_.....)T@.#.#############
...≈≈.)##.#.............#
...≈≈..#......#########.#
#.....##...##.....## #.#
#...$. #...##......## #.#
.....# #...##.......# #.#
...## ######.......# #.#
.## #.....#....###.)
#...=.#....##..)


You could see a troll.

Vanquished Creatures
  A wraith (D:5)
  A wyvern (D:8)
  A black bear (D:7)
  3 sky beasts
  A centaur (D:7)
  4 bullfrogs
  2 scorpions
  A gnoll sergeant (D:7)
  9 wights
  A howler monkey (D:7)
  A crimson imp (D:4)
  A hound (D:6)
  4 jellies
  2 orc priests (D:8)
  A sleepcap (D:7)
  3 iguanas
  3 gnolls (D:7)
  4 adders
  4 shadow imps (D:6)
  A white imp (D:8)
  3 ufetubi (D:6)
  3 dart slugs
  9 orcs
  6 ball pythons
  6 bats
  9 endoplasms
  4 giant cockroaches
  3 goblins
  3 hobgoblins (D:2)
  2 jackals (D:2)
  2 quokkas
  2 training dummies (D:4)
  4 frilled lizards (D:2)
  2 goblin zombies (D:4)
  3 hobgoblin zombies (D:4)
  6 kobolds
  A kobold skeleton (D:4)
  2 kobold zombies (D:4)
  2 orc skeletons (D:4)
  2 orc zombies (D:4)
  4 rats
126 creatures vanquished.

Notes
Turn   | Place    | Note
-------+----------+-------------------------------------------
     0 | D:1      | Heoruswealwe the Deep Elf Earth Elementalist began the
                  | quest for the Orb.
     0 | D:1      | Reached XP level 1. HP: 10/10 MP: 6/6
   213 | D:1      | Reached XP level 2. HP: 15/15 MP: 3/8
   217 | D:1      | Learned a level 2 spell: Passwall
   815 | D:2      | Reached skill level 4 in Spellcasting
  1018 | D:2      | Reached XP level 3. HP: 19/19 MP: 10/10
  1022 | D:2      | Learned a level 3 spell: Stone Arrow
  1719 | D:3      | Reached XP level 4. HP: 24/24 MP: 10/12
  1724 | D:3      | Learned a level 4 spell: Petrify
  1854 | D:4      | Noticed a bullfrog
  1858 | D:4      | Killed a bullfrog
  1859 | D:4      | Reached skill level 5 in Spellcasting
  1859 | D:4      | Reached skill level 5 in Earth Magic
  1859 | D:4      | Reached XP level 5. HP: 28/28 MP: 10/15
  1921 | D:4      | Found a staircase to the Ecumenical Temple.
  1930 | Temple   | Entered the Ecumenical Temple
  1998 | D:4      | Found a runed translucent gate.
  1999 | D:4      | Found a runed translucent gate.
  2000 | D:4      | Found a runed translucent gate.
  2001 | D:4      | Noticed Rello's ghost (amateur DjFE)
  2141 | D:4      | Found a glowing golden altar of the Shining One.
  2146 | D:4      | Reached skill level 6 in Spellcasting
  2440 | D:5      | Entered Level 5 of the Dungeon
  2445 | D:5      | Found a hazy altar of Hepliaklqana.
  2466 | D:5      | Reached XP level 6. HP: 32/32 MP: 14/17
  2602 | D:5      | Noticed a wraith
  2610 | D:5      | Killed a wraith
  2611 | D:5      | Reached skill level 7 in Spellcasting
  2629 | D:6      | Found Sifam's Jewellery Shop.
  2658 | D:6      | Reached XP level 7. HP: 30/36 MP: 15/19
  2695 | D:6      | Reached skill level 8 in Spellcasting
  2897 | D:7      | Reached skill level 9 in Spellcasting
  2897 | D:7      | Reached XP level 8. HP: 41/41 MP: 20/23
  2985 | D:7      | Reached skill level 10 in Spellcasting
  3371 | D:8      | Reached skill level 11 in Spellcasting
  3375 | D:8      | Reached XP level 9. HP: 27/45 MP: 18/26
  3636 | D:8      | Noticed a troll
  3637 | D:8      | Found an ornate altar of the Wu Jian Council.
  3639 | D:8      | Reached skill level 10 in Earth Magic
  3644 | D:8      | Mangled by a troll

Illustrated notes

Levels and vault maps discovered:
D:1:      lightli_arrival_quake, layout_basic
D:2:      layout_loops_corners, minmay_3d_cube
D:3:      layout_rooms
D:4:      dreamdust_elfheim, layout_cave_pools, nicolae_tso_besieged_by_evil,
          minmay_temple_entry_antechambers, gammafunk_ghost_split, st_stairs_6,
          kennysheep_generic_room_11
D:5:      layout_loops_cross, mainiacjoe_overflow_brackets, elyvilon_altar_3,
          lightli_corner_chamber
D:6:      layout_cave_pools, serial_shops, nicolae_shop_hallway_stairs,
          serial_demonic, serial_demonic_e, serial_demonic_e, serial_demonic_f,
          serial_demonic_a, serial_demonic_a
D:7:      layout_basic
D:8:      layout_basic, nicolae_uskayaw_murder_on_the_dancefloor,
          nicolae_wu_jian_wuxing_cycle, fedhas_ov_isle_minmay, serial_shops,
          nicolae_book_shop_shelving, mrwooster_statue_mirror,
          chequers_decorated_corner, kennysheep_generic_room_10
Temple:   hellmonk_temple_of_storms

Skill      XL: |  1  2  3  4  5  6  7  8  9 |
---------------+----------------------------+-----
Spellcasting   | 4 5 6 7 9 11 | 11.5
Earth Magic    | 4 5 6 7 9 10 | 10.0
Dodging        | |  2.4
Stealth        | |  2.4
Transmutations | |  1.1

Action                     |  1- 3 |  4- 6 |  7- 9 || total
---------------------------+-------+-------+-------++-------
  Melee: Short sword       |     1 |       |    14 ||    15
         Punch             |       |       |     1 ||     1
   Cast: Sandblast         |    54 |    55 |    81 ||   190
         Passwall          |     1 |       |     4 ||     5
         Stone Arrow       |       |     2 |       ||     2
    Use: Scroll            |     3 |     2 |     3 ||     8
 Armour: Robe              |     2 |       |     3 ||     5
  Dodge: Dodged            |     3 |     8 |    36 ||    47
